 Dungeon Crawl Stone Soup version 0.25.1-2-g60ff931df9 (webtiles) character file.

Game seed: 5659420323803220117

63 jlumianski the Shield-Bearer (level 4, -1/36 HPs)
             Began as a Formicid Fighter on Oct 24, 2020.
             Slain by a killer bee (3 damage)
             ... on level 2 of the Dungeon.
             The game lasted 00:12:54 (2084 turns).

jlumianski the Shield-Bearer (Formicid Fighter)     Turns: 2084, Time: 00:12:57

Health: -1/36      AC: 14    Str: 22 (24) XL:     4   Next: 31%
Magic:  3/3        EV:  6    Int:  4 (7)  God:
Gold:   125        SH:  9    Dex:  6 (8)  Spells: 3/3 levels left

rFire    . . .     SeeInvis +   a - +0 war axe
rCold    + . .     Gourm    .   c - +0 kite shield
rNeg     . . .     Faith    .   r - +0 shadow dragon scales
rPois    .         Spirit   .   (helmet unavailable)
rElec    .         Reflect  .   l - +0 cloak
rCorr    .         Harm     .   (no gloves)
MR       .....                  (no boots)
Stlth    ++........             (no amulet)
HPRegen  0.12/turn              m - ring of protection from cold
MPRegen  0.08/turn              (no ring)

@: brilliant, lethally poisoned (-1 -> -4)
A: permanent stasis, dig shafts and tunnels, four strong arms, antennae 3, thin
metallic scales 1, clumsy 1, low mp 1, strong 1
a: Dig, Shaft Self


You were on level 2 of the Dungeon.
You were not hungry.

You visited 1 branch of the dungeon, and saw 2 of its levels.

You collected 125 gold pieces.

Inventory:

Hand Weapons
 a - a +0 war axe (weapon)
 k - a +3 dagger
Missiles
 i - 46 stones (quivered)
Armour
 b - a +0 scale mail
 c - a +0 kite shield (worn)
 l - a +0 cloak (worn)
 r - +0 shadow dragon scales (worn)
Jewellery
 m - a ring of protection from cold (left hand)
Scrolls
 e - a scroll of teleportation
 h - a scroll of remove curse {unknown}
 n - a scroll of fear {unknown}
 p - a scroll of amnesia {unknown}
Potions
 d - a potion of might
 g - a potion of mutation
 s - a potion of curing
Comestibles
 f - 4 rations
 j - 4 chunks of flesh


   Skills:
 + Level 3.6 Fighting
 + Level 3.2 Axes
 + Level 0.1 Throwing
 + Level 3.7 Armour
 + Level 0.4 Dodging
 + Level 3.9 Shields


You had 3 spell levels left.
You didn't know any spells.
Your spell library was empty.

Dungeon Overview and Level Annotations

Branches:
Dungeon (2/15)

Altars:
Dithmenos
Nemelex Xobeh
Uskayaw


Innate Abilities, Weirdness & Mutations

You cannot be hasted, slowed, berserked, paralysed or teleported.
You can dig through walls and to a lower floor.
Your four strong arms can wield two-handed weapons with a shield.
You have a pair of large antennae on your head. (SInv)
You are partially covered in thin metallic scales. (AC +2)
You are clumsy. (Dex -2)
Your magical capacity is low. (-10% MP)
Your muscles are strong. (Str +2)


Message History

The killer bee stings you but does no damage.
You block the killer bee's attack. The killer bee barely misses you.
You miss the killer bee. You block the killer bee's attack. x2
You closely miss the killer bee. The killer bee stings you.
* * * LOW HITPOINT WARNING * * *
You are poisoned.
The killer bee poisons you! You block the killer bee's attack.
The killer bee stings you but does no damage.
You closely miss the killer bee.
You feel sick. You block the killer bee's attack.
The killer bee stings you but does no damage.
The killer bee stings you.
* * * LOW HITPOINT WARNING * * *
You hit the killer bee.
The killer bee is moderately wounded.
* * * LOW HITPOINT WARNING * * *
You feel sick.
The killer bee stings you but does no damage.
The killer bee stings you.
You die...

###...###################.#..#
#.........................##.##
#.#...###########.##########..#
#.#..............÷.............
#............################.#
#...########.# #.# #÷....# .#.#
#.# #.....# ..#.##### #..
#.....# ...#..@yh## ###>
#.....#... #.###..# #...
#.......# ### ##'## #.##
#....####▓▓▓▓▓▓▓...▓▓▓▓▓▓▓ #.#.
#...<...#▓⌠...⌠▓...▓⌠.©.⌠▓ #.#.
#...#.###▓..?).▓...▓.....▓ #.#.
#...#.# ▓..8..▓...▓.....▓ #.#.
##.## # ▓..?$.▓._.▓.....▓ #.#.
#.# ▓⌠...⌠▓§©§▓⌠.©.⌠▓ #.#.


You could see a black bear and a killer bee.

Vanquished Creatures
  An adder (D:2)
  An ooze (D:1)
  A worm (D:2)
  A dart slug (D:1)
  2 leopard geckos
  2 ball pythons (D:1)
  2 giant cockroaches (D:1)
  9 goblins
  5 hobgoblins
  2 jackals (D:2)
  3 bats (D:1)
  2 frilled lizards (D:1)
  5 kobolds (D:1)
  5 rats
41 creatures vanquished.

Notes
Turn   | Place    | Note
-------+----------+-------------------------------------------
     0 | D:1      | jlumianski the Formicid Fighter began the quest for the
                  | Orb.
     0 | D:1      | Reached XP level 1. HP: 18/18 MP: 1/1
     1 | D:1      | Noticed an electric eel
   155 | D:1      | Reached XP level 2. HP: 14/24 MP: 2/2
   707 | D:1      | Reached XP level 3. HP: 29/29 MP: 3/3
  1281 | D:2      | Found a shadowy altar of Dithmenos.
  1538 | D:2      | Found a hide-covered altar of Uskayaw.
  1550 | D:2      | Reached XP level 4. HP: 35/35 MP: 4/4
  1986 | D:2      | Gained mutation: You are clumsy. (Dex -2) [potion of
                  | mutation]
  1986 | D:2      | Gained mutation: Your magical capacity is low. (-10% MP)
                  | [potion of mutation]
  1986 | D:2      | Gained mutation: Your muscles are strong. (Str +2) [potion
                  | of mutation]
  1986 | D:2      | Gained mutation: You are partially covered in thin metallic
                  | scales. (AC +2) [potion of mutation]
  2019 | D:2      | Found a sparkling altar of Nemelex Xobeh.
  2019 | D:2      | Found a transporter.
  2019 | D:2      | Noticed a black bear
  2084 | D:2      | Slain by a killer bee

Illustrated notes

Levels and vault maps discovered:
D:1:      arrival_aquarium_a, layout_loops_corners, serial_park_tiny_2,
          minivault_25, minivault_4
D:2:      layout_basic, old_standard_altar, old_standard_altar,
          chequers_ecumenical_altar_lobes, moated_statue,
          grunt_nemelex_the_gamble

Skill      XL: |  1  2  3 |
---------------+----------+-----
Axes           | 3 |  3.2
Fighting       | |  3.6
Throwing       | |  0.1
Armour         | |  3.7
Dodging        | |  0.4
Shields        | |  3.9

Action                   |  1- 3 |  4- 6 || total
-------------------------+-------+-------++-------
Melee: War axe           |    95 |    30 ||   125
       Dagger            |       |     3 ||     3
Throw: Stone             |    10 |       ||    10
 Abil: Dig               |     3 |     8 ||    11
  Use: Scroll            |     2 |       ||     2
       Potion            |       |     4 ||     4
 Stab: Sleeping          |       |     1 ||     1
  Eat: Chunk             |     2 |     2 ||     4
Armor: Scale mail        |    57 |     3 ||    60
       Shadow dragon sca |       |    30 ||    30
Dodge: Dodged            |    31 |    12 ||    43
Block: Kite shield       |    40 |    34 ||    74
